 Dungeon Crawl Stone Soup version 0.31-a0-265-gcf7e37af1d (webtiles) character file.

Game seed: 10293417776446565130

105 qw the Shooter (level 4, -4/36 HPs)
             Began as a Minotaur Hexslinger on July 13, 2023.
             Slain by a gnoll
             ... wielding a +0 halberd
              (6 damage)
             ... on level 4 of the Dungeon.
             The game lasted 00:00:40 (1996 turns).

qw the Shooter (Minotaur Hexslinger)                Turns: 1996, Time: 00:00:40

Health: -4/36      AC:  6    Str: 12    XL:     4   Next: 54%
Magic:  4/4        EV: 11    Int: 10    God:
Gold:   77         SH:  0    Dex: 15    Spells: 4/5 levels left

rFire   . . .        Y - +2 sling
rCold   + . .        (no shield)
rNeg    . . .        g - +0 ring mail
rPois   .            (helmet restricted)
rElec   .            i - +0 cloak
rCorr   +            (no gloves)
SInv    .            (no boots)
Will    .....        (no amulet)
Stlth   +            l - ring of protection from cold
HPRegen 0.26/turn    c - ring of resist corrosion
MPRegen 0.09/turn

%: no passive effects
@: no status effects
A: horns 2, retaliatory headbutt
a: no special abilities


You were on level 4 of the Dungeon.
You visited 1 branch of the dungeon, and saw 4 of its levels.

You collected 77 gold pieces.


Innate Abilities, Weirdness & Mutations

You have a pair of horns on your head.
You reflexively headbutt those who attack you in melee.


   Skills:
 - Level 2.0 Fighting
 + Level 4.9 Ranged Weapons
 - Level 1.1 Armour
 - Level 2.1 Dodging
 - Level 1.0 Spellcasting
 - Level 2.0 Hexes


You had 4 spell levels left.
You knew the following spells:

 Your Spells              Type           Power      Damage    Failure   Level
a - Slow                  Hex            16%        N/A       34%         1

Your spell library contained the following spells:

 Spells                   Type           Power      Damage    Failure   Level
 Inner Flame              Hex/Fire       2%         N/A       83%         3
 Portal Projectile        Hex/Tloc       4%         N/A       83%         3
 Cause Fear               Hex            2%         N/A       98%         4

Inventory:

Hand Weapons
 Y - a +2 sling (weapon)
Armour
 g - a +0 ring mail (worn)
 i - a +0 cloak (worn)
Jewellery
 c - a ring of resist corrosion (right hand)
 h - a ring of ice
 l - a ring of protection from cold (left hand)
Scrolls
 f - 2 scrolls of identify {unknown}
Potions
 a - a potion of berserk rage {unknown}
 b - a potion of ambrosia {unknown}
 d - a potion of brilliance {unknown}
 e - a potion of might {unknown}
 k - a potion of curing {unknown}

Dungeon Overview and Level Annotations

Branches:
Dungeon (3/15)

Altars:
Zin


Message History

The gnoll is lightly wounded.
The gnoll barely misses you.
You shoot a sling bullet.
The sling bullet barely misses the gnoll.
The sling bullet hits the gnoll but does no damage.
The gnoll hits you from afar with a +0 halberd!
You shoot a sling bullet.
The sling bullet barely misses the gnoll.
The sling bullet closely misses the gnoll.
The gnoll misses you. The gnoll hits you but does no damage.
The gnoll closely misses you.
You shoot a sling bullet. The sling bullet hits the gnoll.
The gnoll is moderately wounded.
The gnoll hits you but does no damage. The gnoll hits you with a +0 club.
The gnoll hits you from afar with a +0 halberd.
You shoot a sling bullet.
The sling bullet barely misses the gnoll.
The gnoll closely misses you. You furiously retaliate!
You headbutt the gnoll. The gnoll misses you.
The gnoll hits you from afar with a +0 halberd!
You shoot a sling bullet. The sling bullet hits the gnoll.
The gnoll is almost dead.
The gnoll hits you with a +0 whip. The gnoll hits you with a +0 club.
The gnoll barely misses you. The gnoll closely misses you.
You furiously retaliate!
You headbutt the gnoll. The gnoll closely misses you. You furiously retaliate!
You headbutt the gnoll!
You kill the gnoll!
The gnoll closely misses you.
You shoot a sling bullet.
The sling bullet barely misses the gnoll.
The gnoll hits you with a +0 club. The gnoll misses you.
You shoot a sling bullet. The sling bullet hits the gnoll.
The gnoll is severely wounded.
The gnoll hits you but does no damage.
The gnoll hits you from afar with a +0 halberd!
You shoot a sling bullet.
The sling bullet barely misses the gnoll.
The gnoll closely misses you.
The gnoll hits you from afar with a +0 halberd.
You die...

##.## #...# #...#
#...# #...# #...#
#...#
########.g.###.##
.#........@.g.....
..........)..)....
..[...............
#.#####.#....##..#
#%#....# ..
#.#....# #
#.#....# #.......#
#.......#


You could see 2 gnolls.

Vanquished Creatures
  A hound (D:4)
  2 gnolls (D:4)
  An adder (D:2)
  2 worms
  2 dart slugs
  An orc (D:3)
  3 endoplasms
  3 giant cockroaches
  A goblin (D:1)
  5 hobgoblins
  3 quokkas
  A ball python (D:2)
  5 bats
  3 frilled lizards
  2 kobolds
  2 rats (D:2)
37 creatures vanquished.

Notes
Turn   | Place    | Note
-------+----------+-------------------------------------------
     0 | D:1      | qw the Minotaur Hexslinger began the quest for the Orb.
     0 | D:1      | Reached XP level 1. HP: 16/16 MP: 1/1
     0 | D:1      | 0 ||| qw: Version: 0.3-a-52-g30416fa
     0 | D:1      | 0 ||| qw: Game counter: 7649
     0 | D:1      | 0 ||| qw: Melee chars always use a shield: true
     0 | D:1      | 0 ||| qw: God list: Okawaru
     0 | D:1      | 0 ||| qw: Allow faded altars: false
     0 | D:1      | 0 ||| qw: Do Orc after clearing Dungeon:15 true
     0 | D:1      | 0 ||| qw: Do second Lair branch before Depths: true
     0 | D:1      | 0 ||| qw: Lair rune preference: random
     0 | D:1      | 0 ||| qw: Goals: Normal
     0 | D:1      | 0 ||| PLANNING D:1-11
    81 | D:1      | 81 ||| FLEEEEING.
    82 | D:1      | 82 ||| FLEEEEING.
    83 | D:1      | 83 ||| FLEEEEING.
   193 | D:1      | Reached skill level 3 in Ranged Weapons
   193 | D:1      | Reached XP level 2. HP: 23/23 MP: 2/2
   771 | D:1      | 771 ||| UPGRADING to +0 leather armour.
   781 | D:1      | 781 ||| DROPPING +0 robe.
   782 | D:1      | 782 ||| UPGRADING to +0 ring mail.
   792 | D:1      | 792 ||| DROPPING +0 leather armour.
   793 | D:1      | 793 ||| UPGRADING to +0 cloak.
   798 | D:1      | 798 ||| UPGRADING to ring of protection from cold.
   799 | D:1      | 799 ||| READING scroll labelled HEHEUN NEFF.
   800 | D:1      | 800 ||| READING scroll labelled BEJELL KIONA.
   801 | D:1      | 801 ||| DROPPING scroll of poison.
  1022 | D:2      | 1022 ||| FLEEEEING.
  1068 | D:2      | Found a faded altar of an unknown god.
  1093 | D:2      | Reached XP level 3. HP: 29/29 MP: 3/3
  1168 | D:2      | Reached skill level 4 in Ranged Weapons
  1619 | D:2      | 1619 ||| UPGRADING to ring of resist corrosion.
  1620 | D:2      | 1620 ||| READING scroll labelled SAIZOC BETA.
  1678 | D:3      | Found a glowing silver altar of Zin.
  1810 | D:3      | Reached skill level 1 in Armour
  1961 | D:3      | You fall into a shaft and drop 1 floor!
  1978 | D:4      | Reached XP level 4. HP: 36/36 MP: 4/4
  1995 | D:4      | HP: 2/36 [gnoll/+0 halberd (10)]
  1996 | D:4      | Slain by a gnoll

Levels and vault maps discovered:
D:1:      nagdon_arrival_double_spiral, layout_basic
D:2:      layout_basic, shapermc_ecumenical_altar_notcrosses
D:3:      layout_loops_corners, zin_academy
D:4:      layout_loops_cross, okawaru_altar_gauntlet_db,
          nzn_hepliaklqana_mist_gate, tgw_sif

Skill      XL: |  1  2  3 |
---------------+----------+-----
Ranged Weapons | 3 4 |  4.9
Fighting       | 2 |  2.0
Armour         | 1 |  1.1
Dodging        | |  2.1
Spellcasting   | |  1.0
Hexes          | |  2.0

Action                     |  1- 3 |  4- 6 || total
---------------------------+-------+-------++-------
   Fire: Sling             |   118 |    13 ||   131
    Use: Scroll            |     3 |       ||     3
 Armour: Robe              |     2 |       ||     2
         Ring mail         |    21 |     3 ||    24
  Dodge: Dodged            |    37 |    11 ||    48

Table legend:
 A = Non-vault XP
 B = Vault XP
 C = Vault XP percentage of total XP
 D = Non-vault monster count
 E = Vault monster count
 F = Vault count percentage of total count
                 A         B        C        D         E       F
            +---------+---------+-------+---------+---------+-------
      Total |     151 |       0 |   0.0 |      37 |       0 |   0.0
            +---------+---------+-------+---------+---------+-------
        D:1 |      25 |       0 |   0.0 |      13 |       0 |   0.0
        D:2 |      40 |       0 |   0.0 |      15 |       0 |   0.0
        D:3 |      13 |       0 |   0.0 |       5 |       0 |   0.0
        D:4 |      73 |       0 |   0.0 |       4 |       0 |   0.0
            +---------+---------+-------+---------+---------+-------
